 Dungeon Crawl Stone Soup version 0.19.1 (webtiles) character file.

534 KarmaPolice the Slasher (level 7, 0/52 HPs)
             Began as a Vampire Skald on Nov 24, 2016.
             Was an Initiate of Kikubaaqudgha.
             Slain by Grinder (7 damage)
             ... while paralysed by Grinder
             ... on level 4 of the Dungeon on Nov 25, 2016.
             The game lasted 00:17:59 (5332 turns).

KarmaPolice the Slasher (Vampire Skald)             Turns: 5332, Time: 00:18:00

Health: 0/52       AC:  8    Str: 12    XL:     7   Next: 4%
Magic:  7/12       EV:  2    Int: 14    God:    Kikubaaqudgha [......]
Gold:   189        SH:  0    Dex: 15    Spells: 4 memorised, 5 levels left

rFire  . . .     SeeInvis +     a - +0 falchion
rCold  + . .     Gourm    .     b - +0 leather armour
rNeg   + + .     Faith    .     (no shield)
rPois  +         Spirit   .     m - +0 helmet
rElec  .         Reflect  .     (no cloak)
rCorr  .         Harm     .     (no gloves)
MR     .....                    (no boots)
Stlth  ++........               (no amulet)
                                (no ring)
                                h - +4 ring of protection

@: paralysed, infused (expiring), regenerating slowly
A: fangs 3, see invisible, unbreathing
a: Bat Form, Renounce Religion


You were on level 4 of the Dungeon.
You worshipped Kikubaaqudgha.
Kikubaaqudgha was noncommittal.
You were thirsty.

You visited 2 branches of the dungeon, and saw 6 of its levels.

You collected 189 gold pieces.

Inventory:

Hand Weapons
 a - a +0 falchion (weapon)
Armour
 b - a +0 leather armour (worn)
 m - a +0 helmet (worn)
 o - a +1 hat
 v - a +2 leather armour of fire resistance
Jewellery
 h - a +4 ring of protection (left hand)
Scrolls
 e - 2 scrolls of identify
 f - 4 scrolls of noise
 i - 3 scrolls of fog
 j - a scroll of remove curse {unknown}
 k - 3 scrolls of enchant weapon
 n - a scroll of enchant armour {unknown}
 q - a scroll of magic mapping {unknown}
 r - a scroll of teleportation {unknown}
 t - a scroll of immolation {unknown}
 u - a scroll of recharging {unknown}
Potions
 d - 11 potions of blood
 g - a potion of flight {unknown}
 l - a potion of heal wounds {unknown}
 p - 2 potions of lignification {unknown}
 s - a potion of haste
Books
 c - a book of Battle

   Spells                             Type                      Level
   a - Infusion                       Charms                       1
   b - Shroud of Golubria             Charms/Translocation         2
   c - Song of Slaying                Charms                       2
   d - Spectral Weapon                Hexes/Charms                 3
   e - Regeneration                   Charms/Necromancy            3


   Skills:
 + Level 3.6 Fighting
 + Level 4.3 Long Blades
 - Level 0.7 Armour
 - Level 1.1 Dodging
 + Level 3.8 Spellcasting
 - Level 4.0 Charms
 + Level 3.1 Necromancy


You had 5 spell levels left.
You knew the following spells:

 Your Spells              Type           Power        Failure   Level  Hunger
a - Infusion              Chrm           ##..         8%          1    None
b - Shroud of Golubria    Chrm/Tloc      #.........   21%         2    ##.....
c - Song of Slaying       Chrm           ##......     10%         2    ##.....
d - Regeneration          Chrm/Necr      ##........   17%         3    ###....


Dungeon Overview and Level Annotations

Branches:
Dungeon (5/15)             Temple (1/1) D:4

Altars:
Ashenzari
Cheibriados
Elyvilon
Fedhas
Gozag
Kikubaaqudgha
Makhleb
Okawaru
Qazlal
Sif Muna
Uskayaw
Xom
The Shining One

Annotations:
D:3 Sigmund
D:4 Grinder


Innate Abilities, Weirdness & Mutations

You heal slowly.
You have razor-sharp teeth.
You have supernaturally acute eyesight. (SInv)
You can survive without breathing.


Message History

Grinder blinks!
Your magical infusion is running out.
Grinder blinks!
You can move again.
Grinder says, "Don't move a muscle."
Grinder hits you.
* * * LOW HITPOINT WARNING * * *
You closely miss Grinder.
Grinder is almost dead.
Grinder gestures at you.
You are unaffected.
Grinder gestures at you.
You suddenly lose the ability to move!
Grinder hits you.
* * * LOW HITPOINT WARNING * * *
You writhe in agony.
* * * LOW HITPOINT WARNING * * *
Grinder hits you!
You die...
Kikubaaqudgha rasps: "You have failed me!
Welcome... oblivion!"

## ##..######.# ........#
#####...(#.....###........#
..........................#
.###...<...######.........#
......###.## #.........#
.#..#.# #..## #...5.....
##.##.# ##..# ##.# ##.#
...##.## ##.# ##5.# #..#
.####..####.# #.@## ##.##
.# ##...##.###.## ##>.# .#
###.....##.# #..## .#
###.#.#..# #.## ## #.#.#.##
#.# #..(#.### #.#
###.....###.# ##
#...#...#<# ### .#
#..####...## #.#


You could see Grinder.

Vanquished Creatures
  2 scorpions (D:4)
  3 crimson imps
  An iron imp (D:4)
  3 orc priests (D:3)
  An orc wizard (D:3)
  Terence (D:2)
  A worker ant (D:4)
  4 adders
  2 oozes (D:2)
  2 worms
  A dart slug (D:2)
  3 leopard geckos
  5 orcs
  2 giant cockroaches
  5 goblins
  7 hobgoblins
  6 jackals
  A quokka (D:2)
  3 ball pythons
  10 bats
  8 frilled lizards
  5 kobolds
  A quokka skeleton (D:3)
  16 rats
93 creatures vanquished.

Notes
Turn   | Place    | Note
-------+----------+-------------------------------------------
     0 | D:1      | KarmaPolice the Vampire Skald began the quest for the Orb.
     0 | D:1      | Reached XP level 1. HP: 16/16 MP: 3/3
   481 | D:1      | Reached XP level 2. HP: 15/22 MP: 5/5
   496 | D:1      | Learned a level 2 spell: Shroud of Golubria
   499 | D:1      | Learned a level 2 spell: Song of Slaying
   778 | D:2      | Found a hide-covered altar of Uskayaw.
   792 | D:2      | Reached XP level 3. HP: 18/27 MP: 6/6
   800 | D:2      | Noticed Terence
   985 | D:2      | Killed Terence
   986 | D:2      | Reached XP level 4. HP: 13/33 MP: 3/7
  1000 | D:2      | Learned a level 3 spell: Regeneration
  2264 | D:3      | Reached XP level 5. HP: 17/40 MP: 0/9
  2868 | D:3      | Found a shimmering altar of Xom.
  2875 | D:3      | Noticed Sigmund
  2939 | D:2      | Reached skill level 1 in Necromancy
  3611 | D:2      | Reached XP level 6. HP: 28/47 MP: 4/10
  4439 | D:4      | Noticed Grinder
  4585 | D:4      | Found a staircase to the Ecumenical Temple.
  4598 | Temple   | Entered the Ecumenical Temple
  4632 | Temple   | Became a worshipper of Kikubaaqudgha
  4797 | D:5      | Entered Level 5 of the Dungeon
  4881 | D:4      | Reached XP level 7. HP: 22/52 MP: 0/12
  5314 | D:4      | Paralysed by Grinder for 5 turns
  5322 | D:4      | Paralysed by Grinder for 7 turns
  5330 | D:4      | Paralysed by Grinder for 6 turns
  5332 | D:4      | Slain by Grinder

Skill      XL: |  1  2  3  4  5  6 |
---------------+-------------------+-----
Fighting       | 2 3 |  3.6
Long Blades    | 3 4 |  4.3
Charms         | 4 |  4.0
Spellcasting   | 3 |  3.8
Necromancy     | 1 3 |  3.1
Armour         | |  0.7
Dodging        | |  1.1

Action                   |  1- 3 |  4- 6 |  7- 9 || total
-------------------------+-------+-------+-------++-------
Melee: Falchion          |   101 |   243 |    19 ||   363
       Bite              |    15 |    36 |     2 ||    53
       Unarmed           |       |    48 |       ||    48
 Cast: Infusion          |     1 |    17 |     2 ||    20
       Shroud of Golubri |     1 |     7 |     1 ||     9
       Song of Slaying   |       |     2 |       ||     2
       Regeneration      |       |     9 |     4 ||    13
 Abil: End Transformatio |     1 |    20 |     3 ||    24
       Bat Form          |     1 |    20 |     3 ||    24
  Use: Potion            |       |     4 |     1 ||     5
       Scroll            |       |     3 |       ||     3
 Stab: Distracted        |       |     1 |       ||     1
       Sleeping          |       |     2 |       ||     2
  Eat: Corpse            |       |     4 |     1 ||     5
Armor: Leather armour    |    39 |   104 |     5 ||   148
Dodge: Dodged            |    63 |   209 |     4 ||   276
       Rpst.: Falchion   |    20 |    52 |     1 ||    73
